 Dungeon Crawl Stone Soup version 0.30-a0-918-g0ff054e9dc (webtiles) character file.

Game seed: 5476586255627242262

10794 Iniera the Destroyer (level 11, 0/83 HPs)
             Began as a Demonspawn Conjurer on Mar 21, 2023.
             Was an Elder of Vehumet.
             Slain by a deep troll (9 damage)
             ... on level 10 of the Dungeon.
             The game lasted 00:34:02 (11378 turns).

Iniera the Destroyer (Demonspawn Conjurer)         Turns: 11378, Time: 00:34:03

Health: 0/83       AC: 10    Str:  7    XL:     11   Next: 40%
Magic:  6/24       EV: 12    Int: 23    God:    Vehumet [****..]
Gold:   276        SH:  5    Dex: 13    Spells: 11/28 levels left

rFire   + . .      SeeInvis .    b - staff of fire
rCold   + . .      Faith    .    v - +0 buckler
rNeg    . . .      Spirit   .    u - +0 steam dragon scales
rPois   +          Reflect  .    (no helmet)
rElec   .          Rampage  .    (no cloak)
rCorr   .                        g - +0 pair of gloves
Will    .....                    x - +0 pair of boots
Stlth   ++                       (no amulet)
HPRegen 3.33/turn                k - ring of protection from cold
MPRegen 0.19/turn                A - ring of poison resistance

@: on blink cooldown
A: thin metallic scales 2, powered by death 2, spiny 1, demonic touch 2
a: Renounce Religion


You were on level 10 of the Dungeon.
You worshipped Vehumet.
Vehumet was greatly pleased with you.
You visited 2 branches of the dungeon, and saw 11 of its levels.

You collected 572 gold pieces.
You spent 296 gold pieces at shops.

Inventory:

Hand Weapons
 a - the +2 rapier of the Asp {freeze, rF+ Will+}
   (You found it on level 2 of the Dungeon)

   rF:        It protects you from fire.
   Will:      It increases your willpower.
Missiles
 C - a throwing net
Armour
 g - a +0 pair of gloves (worn)
 u - +0 steam dragon scales (worn)
 v - a +0 buckler (worn)
 x - a +0 pair of boots (worn)
Magical Staves
 b - a staff of fire (weapon)
Jewellery
 k - a ring of protection from cold (left hand)
 l - a ring of protection from fire
 o - a ring of flight
 A - a ring of poison resistance (right hand)
Wands
 n - a wand of iceblast (1)
 p - a wand of charming (28)
 t - a wand of light (12)
 w - a wand of flame (19)
 y - a wand of mindburst (10)
Scrolls
 e - 6 scrolls of enchant weapon
 j - 3 scrolls of magic mapping
 m - 3 scrolls of teleportation
 q - a scroll of silence
 B - 2 scrolls of amnesia
Potions
 c - a potion of flight
 f - 2 potions of curing
 h - 2 potions of attraction
 i - a potion of haste
 r - 3 potions of resistance
 z - 3 potions of magic


   Skills:
 + Level 6.7 Fighting
 + Level 3.2 Dodging
 - Level 1.7 Stealth
 - Level 4.1 Shields
 + Level 9.3 Spellcasting
 + Level 10.2 Conjurations
 - Level 4.8 Hexes
 - Level 3.3 Translocations
 + Level 4.5 Fire Magic
 - Level 0.2 Air Magic


You had 11 spell levels left.
You knew the following spells:

 Your Spells              Type           Power      Damage    Failure   Level
a - Magic Dart            Conj           100%       1d8       1%          1
b - Searing Ray           Conj           100%       2d8       1%          2
c - Fulminant Prism       Conj/Hex       22%        3d12      1%          4
d - Iskenderun's Mystic   Conj/Tloc      42%        2d10      1%          4
e - Blink                 Tloc           52%        N/A       3%          2
f - Flame Wave            Conj/Fire      61%        2d14      1%          4

Your spell library contained the following spells:

 Spells                   Type           Power      Damage    Failure   Level
 Plasma Beam              Fire/Air       16%        2x1d30    21%         5
 Shock                    Conj/Air       100%       1d9       1%          1
 Momentum Strike          Conj/Tloc      84%        3d10      1%          2
 Dazzling Flash           Conj/Hex       90%        N/A       1%          3
 Lesser Beckoning         Tloc           52%        N/A       3%          2
 Ensorcelled Hibernation  Hex/Ice        42%        N/A       4%          2
 Passwall                 Tmut/Erth      8%         N/A       12%         2
 Swiftness                Air            11%        N/A       21%         3
 Conjure Ball Lightning   Conj/Air       17%        3x3d6     32%         6
 Malign Gateway           Summ/Tloc      9%         N/A       100%        7


Dungeon Overview and Level Annotations

Branches:
Dungeon (10/15)            Temple (1/1) D:4            Lair (0/5) D:9
    Orc: D:9-12

Altars:
Ashenzari
Cheibriados
Dithmenos
Fedhas
Gozag
Hepliaklqana
Kikubaaqudgha
Makhleb
Nemelex Xobeh
Okawaru
Qazlal
Ru
Sif Muna
Trog
Uskayaw
Vehumet
Wu Jian
Xom
Yredelemnul

Shops:
D:8 =*[

Annotations:
D:10 2 runed translucent doors, cforsyth's ghost, journeyman OgFE


Innate Abilities, Weirdness & Mutations

You are mostly covered in thin metallic scales. (AC +3)
You regenerate health from kills.
You are partially covered in sharp spines.
Your touch may inflict irresistible damage on your foes.


Message History

The meliai stings you but does no damage.
Casting: Flame Wave (mildly dangerous; 1% risk of failure)
Confirm with . or Enter, or press ? or * to list all spells.
Restarting spell: Flame Wave (mildly dangerous; 1% risk of failure)
Press: ? - help, Dir - look around, f - activate You feel a surge of power!
A wave of flame ripples out!
The flame wave engulfs the meliai!
You kill the meliai!
Vehumet accepts your kill.
The flame wave engulfs cforsyth's ghost!
Cforsyth's ghost is almost destroyed. (Press . to intensify the flame waves.) Cforsyth's ghost casts a spell at you.
The stone arrow hits you!!
* * * LOW HITPOINT WARNING * * *
A wave of flame ripples out!
The flame wave engulfs the rime drake.
The rime drake is severely wounded.
The flame wave engulfs cforsyth's ghost.
Cforsyth's ghost is almost destroyed.
The rime drake breathes ice at you. The icy flash freeze hits you!
You partially resist.
* * * LOW HITPOINT WARNING * * *
You are encased in ice.
Cforsyth's ghost hits you.
* * * LOW HITPOINT WARNING * * *
Unknown command.
Okay, then.
Casting: Flame Wave (mildly dangerous; 1% risk of failure)
Confirm with . or Enter, or press ? or * to list all spells.
Okay, then.
Casting: Flame Wave (mildly dangerous; 1% risk of failure)
Confirm with . or Enter, or press ? or * to list all spells.
You blink.
The ice encasing you melts away.
The rime drake changes into a black mamba!
Cforsyth's ghost casts a spell at you. The stone arrow misses you.
The deep troll attacks as you move away!
You block the deep troll's attack. The deep troll claws you!
You die...

#......##.......#.............##.
#......#####'####....#####..####.
.(......'.......+...##∩8.#####...
........#.♣...♣.#.).#$$$..###....
........#.♣._.♣.#...)$$$.8#...#..
........#.♣...♣.#SW.'._8.∩#...###
....##..+.......+...'$$.$8#...#..
.##.....####'####T..#$$$$.#......
###.........?...@...##.8.##......
#................#..######..#.##.
..<......###........#......####..
.........###.......#...#...# ##.
#.###....##(........######## #..
### ###.###..........# ##.
##...###.........# #..
#....###.........# #..
##..###..........## #..


You could see a deep troll, a black mamba shaped shifter and cforsyth's ghost.

Vanquished Creatures
  A two-headed ogre (D:9)
  An obsidian statue (D:10)
  A gargoyle (D:10)
  A komodo dragon (D:9)
  A troll (D:6)
  A meliai (D:10)
  Sigmund (D:3)
  2 shadows (D:9)
  A wyvern (D:8)
  15 yaks
  A wraith (D:9)
  5 vampire mosquitoes
  3 steam dragons
  Menkaure (D:6)
  3 water moccasins
  4 orc warriors
  4 ogres
  6 black bears
  3 centaurs
  A kobold brigand (D:9)
  8 bullfrogs
  A gnoll sergeant (D:8)
  2 scorpions
  12 wights
  11 killer bees
  A howler monkey (D:10)
  10 orc priests
  5 hounds
  A jelly (D:5)
  3 iguanas
  8 orc wizards
  Robin (D:4)
  8 gnolls
  8 adders
  An ufetubus (D:5)
  A worm (D:2)
  3 dart slugs
  30 orcs
  4 bats
  10 endoplasms
  A giant cockroach (D:4)
  15 goblins
  15 hobgoblins
  5 kobolds
  4 quokkas
  5 ball pythons
  A frilled lizard (D:1)
  10 rats
240 creatures vanquished.

Vanquished Creatures (others)
  21 fulminant prisms
  53 fungi (D:9)
  40 plants (D:9)
114 creatures vanquished.

Grand Total: 354 creatures vanquished

Notes
Turn   | Place    | Note
-------+----------+-------------------------------------------
     0 | D:1      | Iniera the Demonspawn Conjurer began the quest for the Orb.
     0 | D:1      | Reached XP level 1. HP: 13/13 MP: 3/3
   231 | D:1      | Gained mutation: You are partially covered in thin metallic
                  | scales. (AC +2) [demonic ancestry]
   231 | D:1      | Reached XP level 2. HP: 19/19 MP: 3/5
   589 | D:1      | Learned a level 2 spell: Searing Ray
   927 | D:2      | Reached XP level 3. HP: 8/24 MP: 0/6
  1075 | D:2      | Identified the +2 rapier of the Asp {freeze, rF+ Will+}
  1357 | D:2      | Reached skill level 5 in Conjurations
  2061 | D:3      | Gained mutation: You are partially covered in sharp spines.
                  | [demonic ancestry]
  2061 | D:3      | Reached XP level 4. HP: 30/30 MP: 5/8
  2258 | D:3      | Noticed Sigmund
  2269 | D:3      | Killed Sigmund
  2270 | D:3      | Gained mutation: Your touch may inflict minor irresistible
                  | damage on your foes. [demonic ancestry]
  2270 | D:3      | Reached XP level 5. HP: 27/35 MP: 5/10
  2456 | D:3      | Reached skill level 6 in Conjurations
  2544 | D:3      | You fall into a shaft and drop 2 floors!
  2544 | D:5      | Entered Level 5 of the Dungeon
  2559 | D:5      | Reached XP level 6. HP: 41/41 MP: 6/12
  2781 | D:5      | Learned a level 4 spell: Fulminant Prism
  2786 | D:5      | Learned a level 4 spell: Iskenderun's Mystic Blast
  2847 | D:5      | Reached skill level 1 in Hexes
  2847 | D:5      | Gained mutation: You regenerate a little health from kills.
                  | [demonic ancestry]
  2847 | D:5      | Reached XP level 7. HP: 46/46 MP: 4/14
  2966 | D:5      | Identified the +0 ring mail of the Komodo Dragon {-Cast
                  | +Blink Dex+8 Stlth-}
  3008 | D:4      | Found a staircase to the Ecumenical Temple.
  3017 | Temple   | Entered the Ecumenical Temple
  3125 | Temple   | Became a worshipper of Vehumet
  3643 | D:3      | Reached skill level 5 in Spellcasting
  3971 | D:4      | Reached skill level 7 in Conjurations
  4013 | D:4      | Got the Enchiridion on Percussion and the Geodesic
  4022 | D:4      | Noticed Robin
  4026 | D:4      | Killed Robin
  4032 | D:4      | Reached * piety under Vehumet
  4032 | D:4      | Offered knowledge of Freeze by Vehumet.
  4141 | D:4      | Reached skill level 1 in Translocations
  4213 | D:4      | Reached skill level 1 in Fighting
  4469 | D:4      | Reached XP level 8. HP: 54/54 MP: 12/16
  5712 | D:6      | Noticed Menkaure
  5717 | D:6      | Killed Menkaure
  5823 | D:6      | Noticed a troll
  5839 | D:6      | Killed a troll
  6504 | D:6      | Reached skill level 8 in Conjurations
  6504 | D:6      | Gained mutation: You are mostly covered in thin metallic
                  | scales. (AC +3) [demonic ancestry]
  6504 | D:6      | Reached XP level 9. HP: 64/64 MP: 10/18
  7080 | D:7      | Reached ** piety under Vehumet
  7080 | D:7      | Offered knowledge of Foxfire by Vehumet.
  7379 | D:7      | Reached skill level 5 in Fighting
  7523 | D:7      | Offered knowledge of Frozen Ramparts by Vehumet.
  7575 | D:7      | Found an ornate altar of the Wu Jian Council.
  8094 | D:7      | Found a snail-covered altar of Cheibriados.
  8302 | D:8      | Found Jairghy's Antique Armour Shop.
  8305 | D:8      | Bought a buckler for 103 gold pieces
  8305 | D:8      | Bought a pair of boots for 103 gold pieces
  8321 | D:8      | Found Wodoppes's General Store.
  8331 | D:8      | Reached *** piety under Vehumet
  8337 | D:8      | Reached skill level 1 in Shields
  8386 | D:8      | Bought 3 scrolls of identify for 90 gold pieces
  8425 | D:8      | Gained mutation: You regenerate health from kills. [demonic
                  | ancestry]
  8425 | D:8      | Reached XP level 10. HP: 59/76 MP: 19/21
  8428 | D:8      | Learned a level 2 spell: Blink
  8566 | D:8      | Found Qyot's Jewellery Boutique.
  8579 | D:8      | Learned a level 4 spell: Flame Wave
  8671 | D:8      | Reached skill level 1 in Fire Magic
  9091 | D:9      | Reached skill level 9 in Conjurations
  9323 | D:9      | Offered knowledge of Hailstorm by Vehumet.
  9546 | D:9      | Found a staircase to the Lair.
  9820 | D:9      | Noticed a two-headed ogre
  9831 | D:9      | Killed a two-headed ogre
 10236 | D:9      | Gained mutation: Your touch may inflict irresistible damage
                  | on your foes. [demonic ancestry]
 10236 | D:9      | Reached XP level 11. HP: 81/81 MP: 12/24
 10545 | D:10     | Entered Level 10 of the Dungeon
 10545 | D:10     | Found an iron altar of Okawaru.
 10553 | D:10     | Reached **** piety under Vehumet
 10571 | D:10     | Found a runed translucent gate.
 10574 | D:10     | Found a runed translucent gate.
 10575 | D:10     | Found a runed translucent gate.
 10610 | D:10     | Reached skill level 10 in Conjurations
 10715 | D:10     | Found a runed translucent door.
 10735 | D:10     | Noticed an obsidian statue
 10762 | D:10     | Killed an obsidian statue
 10773 | D:10     | Found a runed translucent door.
 10773 | D:10     | Found a runed translucent door.
 10775 | D:10     | Found a runed translucent door.
 11361 | D:10     | Found an opulent altar of Gozag.
 11363 | D:10     | Noticed cforsyth's ghost (journeyman OgFE)
 11365 | D:10     | Noticed a deep troll
 11373 | D:10     | Offered knowledge of Plasma Beam by Vehumet.
 11375 | D:10     | HP: 2/83 [rime drake (shapeshifter)/icy flash freeze (10)]
 11378 | D:10     | Slain by a deep troll

Illustrated notes

Levels and vault maps discovered:
D:1:      heliophobic_arrival_enchanted_forest, layout_rooms
D:2:      layout_basic
D:3:      layout_loops_corners, kennysheep_small_spiral, uniq_sigmund
D:4:      layout_basic, minmay_temple_entry_slanted, minmay_fountain_box,
          glass_columns_a, uniq_robin
D:5:      layout_gridville
D:6:      layout_loops_cross, uniq_menkaure
D:7:      layout_loops_ring, lemuel_coloured_pillars_altar,
          nicolae_wu_jian_wuxing_cycle, serial_bayou_pond_d,
          chequers_serial_rivers_micro_d
D:8:      layout_loops_ring, serial_shops, nicolae_shop_stone, shop, shop
D:9:      layout_loops_ring, due_lair_maze_entry_diamond
D:10:     layout_cave_pools, okawaru_metal_pillars_1_2,
          mainiacjoe_overflow_six_doors_small, ebering_ghost_gozag,
          minmay_statue_crystal_thing
Temple:   mainiacjoe_temple_bowtie_tessellation

Skill      XL: |  1  2  3  4  5  6  7  8  9 10 11 |
---------------+----------------------------------+-----
Conjurations   | 5 6 7 8 9 10 | 10.2
Spellcasting   | 3 4 5 6 7 9 |  9.3
Hexes          | 1 2 4 |  4.8
Translocations | 1 3 |  3.3
Fighting       | 1 3 5 6 |  6.7
Shields        | 1 4 |  4.1
Fire Magic     | 3 4 |  4.5
Dodging        | 2 3 |  3.2
Stealth        | |  1.7
Air Magic      | |  0.2

Action                     |  1- 3 |  4- 6 |  7- 9 | 10-12 || total
---------------------------+-------+-------+-------+-------++-------
  Melee: Unarmed           |    11 |       |       |       ||    11
         Punch             |     1 |       |       |       ||     1
         Rapier            |     9 |     1 |    64 |     3 ||    77
         Touch             |       |       |     8 |       ||     8
         Staff             |       |       |       |    86 ||    86
   Cast: Magic Dart        |    73 |    19 |   160 |    28 ||   280
         Searing Ray       |     1 |     6 |    41 |    10 ||    58
         Fulminant Prism   |       |       |    12 |     9 ||    21
         Iskenderun's Myst |       |       |     5 |    14 ||    19
         Flame Wave        |       |       |       |    21 ||    21
         Blink             |       |       |       |     1 ||     1
    Use: Scroll            |     6 |       |    13 |     5 ||    24
         Potion            |       |       |       |     5 ||     5
   Stab: Invisible         |       |       |       |     1 ||     1
 Armour: Robe              |     9 |     1 |     9 |       ||    19
         Steam dragon scal |       |       |    32 |    46 ||    78
         Skin              |       |       |       |    29 ||    29
  Dodge: Dodged            |    24 |     3 |    61 |    99 ||   187
  Block: Buckler           |       |       |       |    42 ||    42

Table legend: (Time is in decaauts)
 A = Elapsed time spent in this place.
 B = Non-inter-level travel time spent in this place.
 C = Inter-level travel time spent in this place.
 D = Time resting spent in this place.
 E = Time spent auto-exploring this place.
 F = Levels seen in this place.
 G = Mean time per level.
                   A        B        C        D        E       F      G
               +--------+--------+--------+--------+--------+-----+--------+
         Total |  11447 |  11145 |    302 |   1538 |   7631 |  11 | 1040.6 |
       Dungeon |  11217 |  10937 |    280 |   1538 |   7446 |  10 | 1121.7 |
        Temple |    230 |    209 |     21 |      0 |    185 |   1 |  230.0 |
               +--------+--------+--------+--------+--------+-----+--------+

Top non-repeatable levels by time:
     D:4: 1616 daAuts
     D:9: 1368 daAuts
     D:6: 1290 daAuts
     D:3: 1154 daAuts
     D:8: 1120 daAuts
     D:7: 1082 daAuts
     D:2: 936 daAuts
     D:1: 915 daAuts
     D:5: 898 daAuts
    D:10: 833 daAuts
  Temple: 230 daAuts
